 Dungeon Crawl Stone Soup version 0.27-a0-808-g60bc5d92e6 (webtiles) character file.

Game seed: 14574938707184871926

150 Demosthentine the Poker (level 5, -4/38 (41) HPs)
             Began as a Merfolk Gladiator on Mar 29, 2021.
             Slain by a wight
             ... wielding a +2 morningstar of freezing
              (6 damage)
             ... on level 3 of the Dungeon.
             The game lasted 00:01:50 (2099 turns).

Demosthentine the Poker (Merfolk Gladiator)         Turns: 2099, Time: 00:01:50

HP:   -4/38 (41)    AC:  4    Str: 15    XL:     5   Next: 32%
MP:   5/5           EV: 14    Int:  7    God:
Gold: 1261          SH:  0    Dex: 16    Spells: 4/4 levels left

rFire    + . .     SeeInvis .   a - +1 trident
rCold    . . .     Faith    .   (no shield)
rNeg     . . .     Spirit   .   b - +0 leather armour
rPois    .         Reflect  .   c - +0 helmet
rElec    .         Harm     .   (no cloak)
rCorr    .         Rampage  .   (no gloves)
Will     .....                  (no boots)
Stlth    +.........             (no amulet)
HPRegen  0.12/turn              h - ring of protection from fire
MPRegen  0.09/turn              (no ring)

@: drained
A: (nimble swimmer 2), mertail
a: no special abilities


You were on level 3 of the Dungeon.
You visited 1 branch of the dungeon, and saw 3 of its levels.

You collected 1261 gold pieces.

Inventory:

Hand Weapons
 a - a +1 trident (weapon)
Missiles
 d - 2 throwing nets (quivered)
Armour
 b - a +0 leather armour (worn)
 c - a +0 helmet (worn)
Jewellery
 h - a ring of protection from fire (left hand)
Potions
 e - a potion of brilliance {unknown}
 f - a potion of flight
 i - a potion of ambrosia {unknown}
 j - a potion of berserk rage {unknown}


   Skills:
 + Level 3.4 Fighting
 + Level 5.6 Polearms
 - Level 2.0 Throwing
 + Level 1.6 Armour
 + Level 5.2 Dodging


You had 4 spell levels left.
You didn't know any spells.
Your spell library contained the following spells:

 Spells                   Type           Power      Damage    Failure   Level
 Beastly Appendage        Tmut           0%         N/A       50%         1
 Magic Dart               Conj           0%         1d3       50%         1
 Searing Ray              Conj           0%         3d3       65%         2
 Wereblood                Tmut           0%         N/A       65%         2
 Dazzling Flash           Conj/Hex       0%         N/A       86%         3
 Spider Form              Tmut/Pois      0%         N/A       86%         3
 Fulminant Prism          Conj/Hex       0%         3d6       99%         4
 Ice Form                 Ice/Tmut       0%         N/A       99%         4
 Iskenderun's Mystic Bla  Conj/Tloc      0%         2d3       99%         4
 Blade Hands              Tmut           0%         N/A       100%        5


Dungeon Overview and Level Annotations

Branches:
Dungeon (3/15)

Altars:
Qazlal
Ru
Xom


Innate Abilities, Weirdness & Mutations

((You are quick and stealthy near water. (Stealth+, EV+, Speed+++)))
Your lower body shifts to a powerful aquatic tail in water.


Message History

A wight comes into view.
It is wielding a +2 morningstar of freezing.
Things that are here:
a +3 dagger; a +0 robe; a throwing net You see here a bat skeleton.
Things that are here:
a +0 dagger of protection; a goblin skeleton
Okay, then.
You reach to attack!
You puncture the wight!
The wight is severely damaged.
You hit the wight but do no damage.
The wight is severely damaged.
The wight barely misses you.
You hit the wight.
You destroy the wight!
You have reached level 5!
You feel agile.
You closely miss the wight.
The wight hits you with a +2 morningstar of freezing!
You feel drained. The wight freezes you.
You barely miss the wight.
The wight hits you with a +2 morningstar of freezing.
The wight freezes you.
You are too injured to fight recklessly!
You are too injured to fight recklessly!
You are too injured to fight recklessly!
You are too injured to fight recklessly!
You hit the wight.
The wight is lightly damaged.
The wight misses you.
You hit the wight.
The wight is moderately damaged.
The wight hits you with a +2 morningstar of freezing!
* * * LOW HITPOINT WARNING * * *
You feel drained.
* * * LOW HITPOINT WARNING * * *
The wight freezes you.
* * * LOW HITPOINT WARNING * * *
Okay, then.
The wight hits you with a +2 morningstar of freezing.
You die...

.####
##########......
#.)).÷)......#
#.########...#
###########........
...S#
#...........#######
##.# #.#########z#
# #.# #z#
..####.#### #@#
..........## ##.#
..####.#...##.....
..................
#####.#..†##.##.###
#.##†###.##.#
#.##.# # ##.#
#####.##.###.##.#
..........>..##.#


You could see 2 wights.

Vanquished Creatures
  2 wights (D:3)
  An adder (D:2)
  6 bats
  5 endoplasms (D:2)
  3 giant cockroaches
  3 goblins
  5 hobgoblins
  7 jackals
  3 ball pythons
  11 kobolds
  8 rats
54 creatures vanquished.

Vanquished Creatures (others)
  4 toadstools (D:1)
4 creatures vanquished.

Grand Total: 58 creatures vanquished

Notes
Turn   | Place    | Note
-------+----------+-------------------------------------------
     0 | D:1      | Demosthentine the Merfolk Gladiator began the quest for the
                  | Orb.
     0 | D:1      | Reached XP level 1. HP: 16/16 MP: 1/1
   242 | D:1      | Reached XP level 2. HP: 21/23 MP: 2/2
   789 | D:1      | Identified a scroll of acquirement
   789 | D:1      | Acquired 728 gold pieces
  1023 | D:2      | Reached XP level 3. HP: 24/28 MP: 3/3
  1397 | D:2      | Reached skill level 1 in Armour
  1416 | D:2      | Found a shimmering altar of Xom.
  1416 | D:2      | Found a sacrificial altar of Ru.
  1502 | D:2      | Reached skill level 5 in Polearms
  1503 | D:2      | Found a stormy altar of Qazlal.
  1504 | D:2      | Noticed an air elemental
  1505 | D:2      | Noticed a water elemental
  1505 | D:2      | Noticed a fire elemental
  1505 | D:2      | Noticed an earth elemental
  1723 | D:3      | Reached XP level 4. HP: 34/34 MP: 4/4
  1736 | D:3      | Acquired 453 gold pieces
  1772 | D:3      | Reached skill level 5 in Dodging
  2090 | D:3      | Reached XP level 5. HP: 41/41 MP: 5/5
  2093 | D:3      | HP: 1/38 [wight/+2 morningstar of freezing (4)]
  2099 | D:3      | Slain by a wight

Illustrated notes

Levels and vault maps discovered:
D:1:      ldierk_walled_garden_2, layout_basic, minmay_misc_feat_roman
D:2:      layout_basic, gammafunk_temple_overflow_elements,
          nicolae_qazlal_style_of_elements
D:3:      layout_loops_ring, uniq_grinder

Skill      XL: |  1  2  3  4 |
---------------+-------------+-----
Armour         | 1 |  1.6
Polearms       | 5 |  5.6
Fighting       | 3 |  3.4
Dodging        | 5 |  5.2
Throwing       | |  2.0

Action                   |  1- 3 |  4- 6 || total
-------------------------+-------+-------++-------
Melee: Trident           |   115 |    28 ||   143
Throw: Throwing net      |       |     1 ||     1
  Use: Scroll            |     4 |     1 ||     5
 Stab: Sleeping          |     3 |       ||     3
Armor: Leather armour    |    21 |     5 ||    26
Dodge: Dodged            |    57 |     8 ||    65

Table legend: (Time is in decaauts)
 A = Elapsed time spent in this place.
 B = Non-inter-level travel time spent in this place.
 C = Inter-level travel time spent in this place.
 D = Time resting spent in this place.
 E = Time spent auto-exploring this place.
 F = Levels seen in this place.
 G = Mean time per level.
                   A        B        C        D        E       F      G
               +--------+--------+--------+--------+--------+-----+--------+
         Total |   2105 |   2064 |     41 |    557 |   1210 |   3 |  701.7 |
       Dungeon |   2105 |   2064 |     41 |    557 |   1210 |   3 |  701.7 |
               +--------+--------+--------+--------+--------+-----+--------+

Top non-repeatable levels by time:
     D:2: 855 daAuts
     D:1: 815 daAuts
     D:3: 434 daAuts
